 Dungeon Crawl Stone Soup version 0.30-a0-1066-g63dfefce0d (webtiles) character file.

Game seed: 13145195173069765695

2445 NinjaNoafa the Thaumaturge (level 9, -3/62 HPs)
             Began as a Yellow Draconian Conjurer on Apr 12, 2023.
             Was a Believer of Vehumet.
             Slain by an orc warrior
             ... wielding a +0 halberd
              (5 damage)
             ... in a bailey.
             The game lasted 00:12:03 (5076 turns).

NinjaNoafa the Thaumaturge (DrCj)                   Turns: 5076, Time: 00:12:04

Health: -3/62      AC: 11    Str:  9    XL:     9   Next: 25%
Magic:  29/31      EV: 11    Int: 23    God:    Vehumet [**....]
Gold:   339        SH:  5    Dex: 10    Spells: 16/26 levels left

rFire   . . .      SeeInvis .    l - +2 dagger (venom)
rCold   . . .      Faith    .    x - +0 buckler
rNeg    . . .      Spirit   .    (body armour unavailable)
rPois   +          Reflect  .    (helmet restricted)
rElec   .          Rampage  .    (no cloak)
rCorr   +                        o - +2 pair of gloves
Will    .....                    b - +0 pair of boots
Stlth   ++                       B - amulet of magic regeneration
HPRegen 0.30/turn                c - ring of poison resistance
MPRegen 0.62/turn                q - ring of magical power

@: short of breath
A: spit acid, AC +7, unfitting armour, cold-blooded, acid resistance
a: Breathe Acid, Renounce Religion


You were in a bailey.
You worshipped Vehumet.
Vehumet was pleased with you.
You visited 2 branches of the dungeon, and saw 8 of its levels.
You also visited: Bailey.

You collected 339 gold pieces.

Inventory:

Hand Weapons
 l - a +2 dagger of venom (weapon)
Missiles
 e - 5 datura-tipped darts
 w - 2 boomerangs
 y - 3 poisoned darts
Armour
 b - a +0 pair of boots (worn)
 o - a +2 pair of gloves (worn)
 x - a +0 buckler (worn)
Jewellery
 c - a ring of poison resistance (left hand)
 j - a ring of ice
 q - a ring of magical power (right hand)
 B - an amulet of magic regeneration (around neck)
Wands
 r - a wand of flame (13)
 t - a wand of roots (8)
Scrolls
 g - 4 scrolls of teleportation
 k - a scroll of immolation
 m - 2 scrolls of fog {unknown}
 n - a scroll of magic mapping {unknown}
 A - a scroll of fear {unknown}
 C - a scroll of torment {unknown}
Potions
 a - a potion of ambrosia
 d - a potion of resistance
 f - 2 potions of magic
 h - 2 potions of brilliance
 i - 8 potions of curing
 p - a potion of might {unknown}
 s - a potion of heal wounds {unknown}
 u - 2 potions of flight
 v - a potion of haste
 z - 3 potions of lignification {unknown}


   Skills:
 - Level 1.7 Dodging
 - Level 1.7 Stealth
 - Level 5.0 Shields
 - Level 9.0 Spellcasting
 + Level 6.2 Conjurations
 + Level 3.4 Translocations
 + Level 1.1 Fire Magic


You had 16 spell levels left.
You knew the following spells:

 Your Spells              Type           Power      Damage    Failure   Level
a - Magic Dart            Conj           100%       1d8       1%          1
b - Searing Ray           Conj           78%        2d7       1%          2
c - Iskenderun's Mystic   Conj/Tloc      32%        2d8       11%         4
d - Volatile Blastmotes   Fire/Tloc      40%        2d13      10%         3

Your spell library contained the following spells:

 Spells                   Type           Power      Damage    Failure   Level
 Poisonous Vapours        Pois/Air       20%        N/A       12%         2
 Dazzling Flash           Conj/Hex       48%        N/A       7%          3
 Fulminant Prism          Conj/Hex       12%        3d8       22%         4
 Irradiate                Conj/Tmut      12%        3d15      52%         5
 Blade Hands              Tmut           5%         N/A       91%         5
 Lee's Rapid Deconstruct  Erth           5%         3d6*      91%         5
 Dragon Form              Tmut           5%         N/A       100%        7


Dungeon Overview and Level Annotations

Branches:
Dungeon (7/15)             Temple (1/1) D:4          Bailey (1/1)

Altars:
Ashenzari
Cheibriados
Dithmenos
Elyvilon
Fedhas
Hepliaklqana
Kikubaaqudgha
Makhleb
Nemelex Xobeh
Okawaru
Qazlal
Ru
Sif Muna
Trog
Uskayaw
Vehumet
Wu Jian
Xom
Yredelemnul
Zin


Innate Abilities, Weirdness & Mutations

You can spit globs of acid.
Your golden yellow scales are hard. (AC +7)
You cannot fit into any form of body armour.
You are cold-blooded and may be slowed by cold attacks.
You are resistant to acid. (rCorr)


Message History

The orc warriors go into a battle-frenzy!
There is an open gate here.
Casting: Volatile Blastmotes (dangerous; 10% risk of failure)
Confirm with . or Enter, or press ? or * to list all spells.
You erupt in a blast of force!
The mystic blast hits the orc warrior.
The orc warrior is moderately wounded.
The orc warrior is knocked back by the mystic blast.
The orc warrior collides with the orc knight!
The mystic blast hits the orc warrior.
The orc warrior is moderately wounded.
The orc warrior is knocked back by the mystic blast.
The orc warrior slams into the stone wall!
The orc warrior is moderately wounded.
Abil: Breathe Acid
Press: ? - help, Q - select action, (/) - cycle Shift-Dir - straight line, f/p - orc warrior
Aim: an orc warrior, wielding a +0 halberd and wearing a +0 plate armour (moderately wounded, strong, 64% to hit)
You spit a glob of acid.
The glob of acid hits the orc warrior!
The acid corrodes the orc warrior!
The acid splashes onto the orc knight!
The orc knight is splashed with acid!
The acid corrodes the orc knight!
The acid splashes onto the orc warrior!
The orc warrior is splashed with acid.
The acid corrodes the orc warrior!
The orc warrior is severely wounded.
You block the orc warrior's attack.
The orc warrior hits you from afar with a +0 halberd!!
The orc warrior hits you with a +0 glaive!
* * * LOW HITPOINT WARNING * * *
The orc warrior barely misses you.
The orc warrior hits you but does no damage.
The orc knight hits you from afar with a +0 halberd!
* * * LOW HITPOINT WARNING * * *
Okay, then.
Okay, then.
The orc warrior attacks as you move away!
The orc warrior hits you with a +0 glaive.
* * * LOW HITPOINT WARNING * * *
The orc warrior attacks as you move away!
You block the orc warrior's attack. The orc warrior closely misses you.
The orc warrior hits you from afar with a +0 halberd.
You die...

...............≈≈≈≈≈. ..
..............≈≈### ...
.....).)......≈##.##≈...
...................#≈...
..............≈#∩)##≈...
...#######....≈##)#≈≈...
..##....##....≈≈≈.≈≈....
.##.....##..............
##..#o'@##..............
#..##∩.∩##..##..........
#.####o####.##..........
#.'.#.oo#.'.##..........
#.###._.###.##..........
#.'.#?.)#)'.##..........
#.#########.##..........
#..##)#.##..#...........
##..#'#'#..##...........


You could see an orc knight (corroded) and 2 orc warriors.

Vanquished Creatures
  Grinder (D:3)
  7 orc warriors (Bailey)
  3 ice beasts (D:6)
  A sky beast (D:5)
  A black bear (D:5)
  2 ogres (D:5)
  A phantom (D:4)
  A gnoll sergeant (D:5)
  4 scorpions
  A killer bee (D:5)
  A howler monkey (D:5)
  2 hounds
  3 jellies
  2 sleepcaps
  An iguana (D:5)
  A gnoll bouda (D:5)
  9 gnolls
  4 adders
  3 white imps
  An ufetubus (D:6)
  2 worms (D:3)
  3 dart slugs
  27 orcs
  5 endoplasms
  5 giant cockroaches
  9 goblins
  5 hobgoblins
  4 kobolds
  4 quokkas
  7 ball pythons
  2 bats (D:1)
  3 frilled lizards
  3 rats (D:1)
128 creatures vanquished.

Notes
Turn   | Place    | Note
-------+----------+-------------------------------------------
     0 | D:1      | NinjaNoafa the Draconian Conjurer began the quest for the
                  | Orb.
     0 | D:1      | Reached XP level 1. HP: 14/14 MP: 3/3
   224 | D:1      | Reached XP level 2. HP: 20/20 MP: 1/5
   260 | D:1      | Learned a level 2 spell: Searing Ray
   648 | D:2      | Found a stormy altar of Qazlal.
   812 | D:2      | Reached skill level 5 in Conjurations
   833 | D:2      | Reached XP level 3. HP: 26/26 MP: 0/6
  1180 | D:3      | Reached skill level 3 in Spellcasting
  1225 | D:3      | Reached XP level 4. HP: 20/33 MP: 3/8
  1316 | D:3      | Found a burning altar of Makhleb.
  1378 | D:3      | Identified the amulet of Tacwec {Faith Harm rC+ rN+}
  1578 | D:3      | Found an ornate altar of the Wu Jian Council.
  1578 | D:3      | Noticed Grinder
  1578 | D:3      | Paralysed by Grinder for 2 turns
  1585 | D:3      | Paralysed by Grinder for 4 turns
  1589 | D:3      | Killed Grinder
  1590 | D:3      | Reached skill level 5 in Spellcasting
  1590 | D:3      | Reached XP level 5. HP: 28/38 MP: 9/12
  1590 | D:3      | Reached XP level 6. HP: 33/45 MP: 9/13
  1676 | D:3      | Found a faded altar of an unknown god.
  1855 | D:4      | Found a staircase to the Ecumenical Temple.
  1876 | Temple   | Entered the Ecumenical Temple
  1883 | Temple   | Became a worshipper of Vehumet
  2015 | D:4      | Found a sparkling altar of Nemelex Xobeh.
  2349 | D:4      | Found a hazy altar of Hepliaklqana.
  2349 | D:4      | Found a hide-covered altar of Uskayaw.
  2355 | D:4      | Found a broken altar of Ashenzari.
  2357 | D:4      | Found a shadowy altar of Dithmenos.
  2359 | D:4      | Found a bloodstained altar of Trog.
  2621 | D:4      | Reached skill level 6 in Spellcasting
  2657 | D:5      | Entered Level 5 of the Dungeon
  2771 | D:5      | Reached * piety under Vehumet
  2771 | D:5      | Offered knowledge of Freeze by Vehumet.
  2829 | D:5      | Found a stormy altar of Qazlal.
  2829 | D:5      | Found a white marble altar of Elyvilon.
  2880 | D:5      | Your scales start taking on a golden yellow colour.
  2880 | D:5      | Reached XP level 7. HP: 50/50 MP: 17/17
  2880 | D:5      | Gained mutation: You are resistant to acid. (rCorr) [Yellow
                  | Draconian growth]
  2916 | D:5      | Reached skill level 7 in Spellcasting
  3008 | D:5      | Reached skill level 8 in Spellcasting
  3009 | D:5      | Reached XP level 8. HP: 42/57 MP: 15/20
  3457 | D:6      | Found a blossoming altar of Fedhas.
  3512 | D:5      | Reached skill level 1 in Shields
  3869 | D:6      | Reached skill level 9 in Spellcasting
  3906 | D:6      | Reached ** piety under Vehumet
  3906 | D:6      | Offered knowledge of Poisonous Vapours by Vehumet.
  4627 | D:7      | Found a flagged portal.
  4641 | D:7      | Reached skill level 5 in Shields
  4643 | D:7      | Reached skill level 1 in Translocations
  4651 | Bailey   | Entered a bailey
  4748 | Bailey   | Reached XP level 9. HP: 36/62 MP: 22/22
  4898 | Bailey   | Learned a level 4 spell: Iskenderun's Mystic Blast
  4902 | Bailey   | Learned a level 3 spell: Volatile Blastmotes
  4947 | Bailey   | Reached skill level 1 in Fire Magic
  5068 | Bailey   | Noticed an orc knight
  5076 | Bailey   | HP: 2/62 [orc warrior/+0 glaive (5)]
  5076 | Bailey   | Slain by an orc warrior

Illustrated notes

Levels and vault maps discovered:
D:1:      minmay_arrival_radiant_lines, layout_basic
D:2:      layout_rooms, basic_altar
D:3:      layout_rooms, nicolae_wu_jian_immortal_techniques, bloody_makhleb,
          dilly_ecumenical_altar_fadedgnrine, uniq_grinder
D:4:      layout_basic, mainiacjoe_overflow_alcove_4,
          chequers_temple_overflow_minitemple, minmay_temple_entry_glass,
          serial_park_tiny_2
D:5:      minmay_chambers_of_fours, layout_basic,
          chequers_temple_overflow_statue_of_worship
D:6:      layout_layer_cave, mainiacjoe_overflow_boulevard,
          hangedman_abyss_or_decor_passed
D:7:      layout_rooms, enter_bailey_5, uniq_crazy_yiuf_cottage, uniq_duvessa
Temple:   nicolae_temple_cloud_nine
Bailey:   bailey_polearm_2, bailey

Skill      XL: |  1  2  3  4  5  6  7  8  9 |
---------------+----------------------------+-----
Conjurations   | 5 6 |  6.2
Spellcasting   | 3 5 6 8 9 |  9.0
Shields        | 5 |  5.0
Translocations | 2 3 |  3.4
Fire Magic     | 1 |  1.1
Dodging        | |  1.7
Stealth        | |  1.7

Action                     |  1- 3 |  4- 6 |  7- 9 || total
---------------------------+-------+-------+-------++-------
  Melee: Unarmed           |    11 |       |       ||    11
         Tailslap          |     5 |     4 |     2 ||    11
         Short sword       |    15 |       |       ||    15
         Dagger            |    21 |    56 |    11 ||    88
         Punch             |       |     1 |       ||     1
   Cast: Magic Dart        |    43 |     6 |     5 ||    54
         Searing Ray       |    10 |    12 |    40 ||    62
         Iskenderun's Myst |       |       |     1 ||     1
         Volatile Blastmot |       |       |     1 ||     1
Ability: Breathe Acid      |       |       |    13 ||    13
    Use: Scroll            |       |     9 |     2 ||    11
   Stab: Sleeping          |       |     2 |       ||     2
 Armour: Skin              |    19 |    19 |    29 ||    67
  Dodge: Dodged            |    53 |    45 |    61 ||   159
  Block: Buckler           |       |       |    19 ||    19

Table legend: (Time is in decaauts)
 A = Elapsed time spent in this place.
 B = Non-inter-level travel time spent in this place.
 C = Inter-level travel time spent in this place.
 D = Time resting spent in this place.
 E = Time spent auto-exploring this place.
 F = Levels seen in this place.
 G = Mean time per level.
                   A        B        C        D        E       F      G
               +--------+--------+--------+--------+--------+-----+--------+
         Total |   5074 |   4793 |    281 |    293 |   3354 |   9 |  563.8 |
       Dungeon |   4599 |   4326 |    273 |     45 |   3265 |   7 |  657.0 |
        Temple |     49 |     41 |      8 |      0 |     34 |   1 |   49.0 |
        Bailey |    425 |    425 |      0 |    248 |     55 |   1 |  425.0 |
               +--------+--------+--------+--------+--------+-----+--------+

Top non-repeatable levels by time:
     D:6: 1200 daAuts
     D:4: 927 daAuts
     D:5: 744 daAuts
     D:1: 633 daAuts
     D:3: 591 daAuts
     D:2: 475 daAuts
  Bailey: 425 daAuts
  Temple: 49 daAuts
     D:7: 26 daAuts
